Selects Airborne Battlegroup
Construct Weapon Support Center
Mechanized Support Center
M16 Multiple Gun Motor Carriage
M16 Multiple Gun Motor Carriage
Selects Paratrooper Squad Paradrop
Paratrooper Squad Paradrop
Selects Anti-tank Gun Team Paradrop
Anti-tank Gun Team Paradrop
Selects Smoke Bombing Run
M4(105) Sherman Bulldozer
Paratrooper Squad Paradrop
Construct Medical Station
M4A1(76) Sherman Medium Tank
Selects Dual P-47 Rocket Strike
M4A1(76) Sherman Medium Tank
M4A1(76) Sherman Medium Tank
M4A1(76) Sherman Medium Tank
M4A1(76) Sherman Medium Tank
Paratrooper Squad Paradrop